 Dungeon Crawl Stone Soup version 0.25-b1-37-g2669288c55 (webtiles) character file.

Game seed: 10469102898512523969

8978 gruber the Destroyer (level 11, -18/54 HPs)
             Began as a Deep Elf Conjurer on June 5, 2020.
             Was a High Priest of Vehumet.
             Hit by a large rock thrown by a cyclops (33 damage)
             ... on level 11 of the Dungeon.
             The game lasted 00:18:54 (10988 turns).

gruber the Destroyer (Deep Elf Conjurer)           Turns: 10988, Time: 00:18:55

Health: -18/54     AC:  5    Str:  5    XL:     11   Next: 17%
Magic:  25/25      EV: 13    Int: 24    God:    Vehumet [*****.]
Gold:   461        SH:  0    Dex: 15    Spells: 8/27 levels left

rFire    + . .     SeeInvis .   w - +0 dagger (elec)
rCold    + . .     Gourm    .   (no shield)
rNeg     . . .     Faith    .   s - +0 robe {rF+}
rPois    .         Spirit   .   (no helmet)
rElec    .         Reflect  .   N - +1 cloak
rCorr    .         Harm     .   (no gloves)
MR       +....                  e - +0 pair of boots
Stlth    ++........             l - amulet of magic regeneration
HPRegen  0.18/turn              g - ring of protection from cold
MPRegen  0.44/turn              h - ring of wizardry

@: no status effects
A: no striking features
a: Renounce Religion


You were on level 11 of the Dungeon.
You worshipped Vehumet.
Vehumet was extremely pleased with you.
You were not hungry.

You visited 2 branches of the dungeon, and saw 12 of its levels.

You collected 461 gold pieces.

Inventory:

Hand Weapons
 w - a +0 dagger of electrocution (weapon)
Armour
 e - a +0 pair of boots (worn)
 s - a +0 robe of fire resistance (worn)
 C - +0 swamp dragon scales
 G - a +0 troll leather armour
 N - a +1 cloak (worn)
Jewellery
 g - a ring of protection from cold (left hand)
 h - a ring of wizardry (right hand)
 i - an uncursed ring of flight
 l - an amulet of magic regeneration (around neck)
 A - an uncursed ring of positive energy
 E - an uncursed amulet of the acrobat {unknown}
Wands
 p - a wand of polymorph (6)
 y - a wand of flame (13)
 F - a wand of acid (4)
 H - a wand of random effects (22)
 I - a wand of enslavement (8)
Scrolls
 b - 7 scrolls of teleportation {unknown}
 d - 4 scrolls of identify
 f - 12 scrolls of remove curse {unknown}
 k - a scroll of fear {unknown}
 n - 2 scrolls of blinking {unknown}
 t - a scroll of random uselessness {unknown}
 u - a scroll of immolation {unknown}
 K - a scroll of enchant weapon {unknown}
 L - a scroll of enchant armour {unknown}
 M - a scroll of magic mapping {unknown}
Potions
 j - a potion of magic
 m - 3 potions of lignification
 o - 4 potions of flight
 q - 2 potions of heal wounds
 r - 2 potions of invisibility
 v - 2 potions of brilliance
 x - 2 potions of might
 B - 3 potions of curing
 D - a potion of stabbing {unknown}
Comestibles
 a - 7 chunks of flesh
 c - 20 rations


   Skills:
 - Level 2.4 Dodging
 - Level 2.4 Stealth
 - Level 8.7 Spellcasting
 - Level 13.1 Conjurations
 - Level 7.1 Translocations
 - Level 9.0 Ice Magic
 * Level 4.2 Earth Magic
 - Level 0.7 Evocations


You had 8 spell levels left.
You knew the following spells:

 Your Spells              Type           Power        Failure   Level  Hunger
a - Magic Dart            Conj           ####         1%          1    None
b - Searing Ray           Conj           ######       1%          2    None
c - Dazzling Flash        Conj/Hex       #####.       1%          3    None
d - Iskenderun's Mystic   Conj/Tloc      ######..     1%          4    ##.....
e - Frozen Ramparts       Ice            ######       1%          3    None
f - Iron Shot             Conj/Erth      ######....   3%          6    ######.

Your spell library contained the following spells:

 Spells                   Type           Power        Failure   Level  Hunger
 Fulminant Prism          Conj/Hex       #####.....   1%          4    ##.....


Dungeon Overview and Level Annotations

Branches:
Dungeon (11/15)            Temple (0/1) D:6             Orc (1/2) D:9
   Lair: D:8-11

Altars:
Elyvilon
Fedhas
Makhleb
Nemelex Xobeh
Trog
Uskayaw
Vehumet
The Shining One

Shops:
D:4 (


Message History

Your Earth Magic skill increases to level 4!
You are feeling hungry.
Magic restored.
You butcher the bullfrog corpse.
a - 2 chunks of flesh You see here a bullfrog skeleton. x2
Eating one of 2 chunks of flesh.
You eat one of the 2 chunks of flesh.
This raw flesh tastes terrible.
You butcher the wyvern corpse.
a - 7 chunks of flesh (gained 6)
You see here a wyvern skeleton. x2
A cyclops comes into view.
A cyclops is nearby!
The cyclops throws a large rock.
The large rock hits you!!!
Ouch! That really hurt!
* * * LOW HITPOINT WARNING * * *
You see here a large rock.
The cyclops throws a large rock.
The large rock hits you!!
Ouch! That really hurt!
You die...

#####################
.....................
..C....(@.........#
#.#########>......#
#.......# #...รทรท..#
#....<..# #.......#
#.......# #....(..#
#.......#


You could see a cyclops.

Vanquished Creatures
  Erica (D:8)
  Maurice (D:9)
  3 trolls
  Prince Ribbit (D:8)
  2 hippogriffs (D:9)
  3 wyverns
  6 yaks (D:9)
  A steam dragon (D:6)
  5 orc warriors
  3 ice beasts
  3 black bears
  4 sky beasts
  2 phantoms
  A necrophage (D:8)
  8 ogres
  4 centaurs
  8 bullfrogs
  3 scorpions
  5 wights (D:9)
  2 howler monkeys
  8 crimson imps
  A centaur zombie (D:6)
  2 jellies
  3 hounds
  A bullfrog skeleton (D:4)
  7 orc priests
  Crazy Yiuf (D:4)
  A gnoll shaman (D:9)
  8 orc wizards
  3 iguanas
  10 worker ants
  A killer bee zombie (D:9)
  2 hound zombies
  A worker ant zombie (D:8)
  11 gnolls
  20 adders
  4 shadow imps
  2 oozes
  2 adder zombies (D:5)
  An adder skeleton (D:4)
  A worm (D:5)
  A dart slug (D:1)
  3 leopard geckos
  48 orcs
  A giant cockroach (D:5)
  5 goblins
  5 hobgoblins
  11 jackals
  4 quokkas
  2 ball pythons
  11 bats
  6 frilled lizards
  6 kobolds
  A leopard gecko skeleton (D:4)
  A quokka zombie (D:7)
  5 rats
266 creatures vanquished.

Notes
Turn   | Place    | Note
-------+----------+-------------------------------------------
     0 | D:1      | gruber the Deep Elf Conjurer began the quest for the Orb.
     0 | D:1      | Reached XP level 1. HP: 10/10 MP: 6/6
   236 | D:1      | Reached XP level 2. HP: 15/15 MP: 0/8
   739 | D:1      | Reached skill level 5 in Conjurations
   876 | D:1      | Learned a level 2 spell: Searing Ray
  1278 | D:2      | Reached XP level 3. HP: 19/19 MP: 8/10
  1673 | D:2      | Found a hide-covered altar of Uskayaw.
  1674 | D:2      | Found a glowing golden altar of the Shining One.
  1674 | D:2      | Found a blossoming altar of Fedhas.
  1675 | D:2      | Found a burning altar of Makhleb.
  1675 | D:2      | Found a radiant altar of Vehumet.
  1675 | D:2      | Found a bloodstained altar of Trog.
  1684 | D:2      | Found a white marble altar of Elyvilon.
  1710 | D:2      | Became a worshipper of Vehumet
  2161 | D:3      | Reached XP level 4. HP: 23/24 MP: 8/12
  2448 | D:3      | Reached skill level 5 in Spellcasting
  2601 | D:3      | Reached XP level 5. HP: 28/28 MP: 9/14
  2731 | D:3      | Reached skill level 6 in Conjurations
  3042 | D:3      | Reached * piety under Vehumet
  3042 | D:3      | Offered knowledge of Sandblast by Vehumet.
  3189 | D:4      | Found Fuiss's Weapon Shop.
  3198 | D:4      | Reached XP level 6. HP: 32/32 MP: 12/17
  3276 | D:4      | Found a sparkling altar of Nemelex Xobeh.
  3498 | D:4      | Found a runed translucent door.
  3499 | D:4      | Noticed Crazy Yiuf
  4066 | D:4      | Killed Crazy Yiuf
  4109 | D:5      | Entered Level 5 of the Dungeon
  4333 | D:5      | Reached XP level 7. HP: 36/36 MP: 16/20
  4360 | D:5      | Reached skill level 7 in Conjurations
  4370 | D:5      | Learned a level 3 spell: Dazzling Flash
  4375 | D:5      | Learned a level 4 spell: Iskenderun's Mystic Blast
  4524 | D:5      | Reached skill level 8 in Conjurations
  4699 | D:5      | Offered knowledge of Foxfire by Vehumet.
  4809 | D:5      | Reached ** piety under Vehumet
  5026 | D:6      | Reached skill level 9 in Conjurations
  5026 | D:6      | Reached XP level 8. HP: 31/41 MP: 15/22
  5283 | D:6      | Reached skill level 10 in Conjurations
  5444 | D:6      | Found a staircase to the Ecumenical Temple.
  5603 | D:6      | Noticed Maggie
  5604 | D:6      | Noticed Maggie
  5604 | D:6      | Maggie changed into Maggie the steam dragon
  5608 | D:6      | Killed Maggie the steam dragon
  5608 | D:6      | Reached skill level 11 in Conjurations
  5947 | D:6      | Offered knowledge of Static Discharge by Vehumet.
  6247 | D:7      | Found a bloodstained altar of Trog.
  6534 | D:7      | Reached XP level 9. HP: 45/45 MP: 23/23
  6589 | D:7      | Reached skill level 12 in Conjurations
  6623 | D:7      | Reached *** piety under Vehumet
  6974 | D:8      | Noticed Prince Ribbit
  6996 | D:8      | Killed Prince Ribbit
  7534 | D:8      | Reached skill level 13 in Conjurations
  7611 | D:8      | Offered knowledge of Frozen Ramparts by Vehumet.
  7616 | D:8      | Learned a level 3 spell: Frozen Ramparts
  7846 | D:8      | Noticed Erica
  7848 | D:8      | Reached skill level 1 in Translocations
  7859 | D:8      | Killed Erica
  7859 | D:8      | Reached skill level 5 in Translocations
  8264 | D:8      | Reached XP level 10. HP: 50/50 MP: 22/24
  9014 | D:9      | Reached **** piety under Vehumet
  9018 | D:9      | Reached skill level 1 in Ice Magic
  9068 | D:9      | Found a staircase to the Orcish Mines.
  9310 | D:9      | Offered knowledge of Irradiate by Vehumet.
  9344 | D:9      | Reached skill level 5 in Ice Magic
  9766 | D:9      | Noticed Maurice
  9774 | D:9      | Killed Maurice
 10044 | D:10     | Entered Level 10 of the Dungeon
 10078 | Orc:1    | Entered Level 1 of the Orcish Mines
 10247 | D:10     | Reached ***** piety under Vehumet
 10247 | D:10     | Offered knowledge of Iron Shot by Vehumet.
 10255 | D:10     | Learned a level 6 spell: Iron Shot
 10268 | D:10     | Reached XP level 11. HP: 49/54 MP: 19/25
 10285 | D:10     | Reached skill level 1 in Earth Magic
 10988 | D:11     | Hit by a large rock thrown by a cyclops

Illustrated notes

Levels and vault maps discovered:
D:1:      sevenhm_arrival_forest_fort_small_4, layout_loops_ring,
          chequers_mini_garden
D:2:      layout_basic, grunt_temple_overflow_open, first_ration,
          grunt_ministairs_1, hangedman_glass_teeth, chequers_avenue,
          minivault_25, minmay_misc_feat_enclosed
D:3:      layout_loops_ring
D:4:      layout_basic, kennysheep_mini, serial_shops, shop,
          uniq_crazy_yiuf_cottage
D:5:      layout_loops_cross, nrook_loot_triangle
D:6:      layout_loops_corners, minmay_temple_entry_drinking_statues,
          uniq_maggie
D:7:      layout_loops_ring, bloody_trog
D:8:      layout_layer_cave, uniq_erica, uniq_prince_ribbit1
D:9:      layout_loops_corners, david_orc_3, uniq_maurice
D:10:     layout_rooms
D:11:     layout_long_grid, due_lair_maze_entry_diamond, serial_shops,
          nicolae_shop_statue_plus, uniq_urug, uniq_grum
Orc:1:    layout_diamond_mine, serial_shops, nicolae_shop_stone, uniq_fannar

Skill      XL: |  1  2  3  4  5  6  7  8  9 10 11 |
---------------+----------------------------------+-----
Conjurations   | 5 6 9 11 13 | 13.1
Spellcasting   | 4 5 6 8 |  8.7
Translocations | 5 7 |  7.1
Ice Magic      | 9 |  9.0
Earth Magic    | 4 |  4.2
Dodging        | |  2.4
Stealth        | |  2.4
Evocations     | |  0.7

Action                   |  1- 3 |  4- 6 |  7- 9 | 10-12 || total
-------------------------+-------+-------+-------+-------++-------
Melee: Dagger            |       |    10 |     4 |    13 ||    27
 Cast: Magic Dart        |    54 |    19 |    23 |    36 ||   132
       Searing Ray       |     6 |    40 |    70 |    62 ||   178
       Frozen Ramparts   |       |       |     2 |    10 ||    12
       Iskenderun's Myst |       |       |     1 |     5 ||     6
Evoke: Wand              |       |       |     1 |       ||     1
  Use: Scroll            |       |       |    10 |       ||    10
       Potion            |       |       |     1 |       ||     1
 Stab: Sleeping          |       |       |     1 |       ||     1
  Eat: Chunk             |     3 |     7 |    12 |     9 ||    31
Armor: Robe              |     4 |     6 |     2 |     7 ||    19
Dodge: Dodged            |     8 |    15 |    19 |    39 ||    81
